 Dungeon Crawl Stone Soup version 0.28.0-45-g0d030f2227 (webtiles) character file.

Game seed: 4618730067775568793

989 Ablot the Cutter (level 8, -5/60 HPs)
             Began as a Gnoll Chaos Knight on Apr 14, 2022.
             Was a Plaything of Xom.
             Slain by a black bear (10 damage)
             ... on level 4 of the Dungeon.
             The game lasted 00:07:14 (3729 turns).

Ablot the Cutter (Gnoll Chaos Knight)               Turns: 3729, Time: 00:07:15

Health: -5/60      AC:  5    Str: 13    XL:     8   Next: 18%
Magic:  12/12      EV: 12    Int: 13    God:    Xom [*.....]
Gold:   182        SH:  0    Dex: 11    Spells: 13/13 levels left

rFire   + . .      SeeInvis .   a - +0 short sword (chaos)
rCold   + . .      Faith    .   (no shield)
rNeg    . . .      Spirit   .   b - +2 leather armour
rPois   .          Reflect  .   (helmet restricted)
rElec   .          Harm     .   (no cloak)
rCorr   .          Rampage  .   (no gloves)
Will    .....                   (no boots)
Stlth   ++........              (no amulet)
HPRegen 0.20/turn               y - ring of protection from cold
MPRegen 0.13/turn               (no ring)

@: no status effects
A: fangs 1, strong nose, distributed training, antennae 1, talons 1, fire
resistance 1, frail 1
a: Renounce Religion


You were on level 4 of the Dungeon.
You worshipped Xom.
You were a special plaything of Xom.
You visited 1 branch of the dungeon, and saw 5 of its levels.

You collected 182 gold pieces.

Inventory:

Hand Weapons
 a - a +0 short sword of chaos (weapon)
 n - the +2 spear of Vorphuaty {vorpal, *Rage rN+ rCorr}
   (You found it on level 2 of the Dungeon)

   It inflicts extra damage upon your enemies.
   rN:        It protects you from negative energy.
   *Rage:     It berserks you when you make melee attacks (+20% chance).
   rCorr:     It protects you from acid and corrosion.
Missiles
 c - 5 datura-tipped darts (quivered)
 f - 124 stones
 i - 30 arrows
 k - 40 sling bullets
Armour
 b - a +2 leather armour (worn)
 o - a +0 helmet
 z - a +2 buckler
Magical Staves
 s - a staff of fire
Jewellery
 y - a ring of protection from cold (left hand)
Wands
 r - a wand of iceblast (8)
 w - a wand of acid (2)
 A - a wand of polymorph (7)
Scrolls
 h - a scroll of enchant armour {unknown}
 j - 3 scrolls of identify {unknown}
 p - a scroll of vulnerability {unknown}
 q - 3 scrolls of immolation {unknown}
 t - a scroll of torment {unknown}
 v - a scroll of teleportation {unknown}
Potions
 e - a potion of attraction {unknown}
 g - a potion of curing
 l - a potion of magic {unknown}
 m - 2 potions of mutation {unknown}
 u - 2 potions of degeneration {unknown}
 x - 2 potions of brilliance {unknown}
Miscellaneous
 B - a piece from Xom's chessboard (14/15)


   Skills:
 + Level 7.2 Fighting
 + Level 7.2 Short Blades
 + Level 3.0 Long Blades
 + Level 3.0 Axes
 + Level 3.0 Maces & Flails
 + Level 3.0 Polearms
 + Level 3.0 Staves
 + Level 3.0 Slings
 + Level 3.0 Bows
 + Level 3.0 Crossbows
 + Level 3.0 Throwing
 + Level 5.5 Armour
 + Level 4.0 Dodging
 + Level 3.0 Stealth
 + Level 3.0 Shields
 + Level 3.0 Unarmed Combat
 + Level 3.0 Spellcasting
 + Level 2.4 Conjurations
 + Level 2.4 Hexes
 + Level 2.4 Summonings
 + Level 2.4 Necromancy
 + Level 2.4 Translocations
 + Level 2.4 Transmutations
 + Level 2.4 Fire Magic
 + Level 2.4 Ice Magic
 + Level 2.4 Air Magic
 + Level 2.4 Earth Magic
 + Level 2.4 Poison Magic
 + Level 3.3 Invocations
 + Level 3.0 Evocations


You had 13 spell levels left.
You didn't know any spells.
Your spell library was empty.

Dungeon Overview and Level Annotations

Branches:
Dungeon (5/15)
 Temple: D:4-7

Altars:
Ashenzari
Trog
Xom
The Shining One

Shops:
D:4 [


Innate Abilities, Weirdness & Mutations

You have very sharp teeth.
Your uncanny sense of smell can sniff out nearby items.
Your experience applies equally to all skills.
You have a pair of small antennae on your head.
You have sharp toenails.
Your flesh is heat resistant. (rF+)
You are frail. (-10% HP)


Message History

The black bear is heavily wounded.
The orc priest hits you but does no damage.
The black bear bites you. The black bear claws you.
The black bear completely misses you.
You barely miss the black bear. Your kick misses the black bear.
The black bear is heavily wounded.
The orc priest miscasts a cantrip.
You barely miss the black bear.
The black bear is heavily wounded.
The black bear bites you. The black bear closely misses you.
The black bear barely misses you.
You hit the black bear.
The black bear resists with some effort.
The black bear is severely wounded.
The orc priest hits you from afar with a +0 trident.
The black bear bites you. The black bear claws you. x2
You hit the black bear. You freeze the black bear.
You claw the black bear, but do no damage.
The black bear is almost dead.
The orc priest hits you but does no damage.
The black bear goes berserk!
You completely miss the black bear.
You claw the black bear, but do no damage.
The black bear is almost dead.
The orc closely misses the orc.
The black bear bites you! The black bear misses you. The black bear claws you.
* * * LOW HITPOINT WARNING * * *
The orc priest mumbles some strange prayers to Beogh against you.
Beogh smites you!
* * * LOW HITPOINT WARNING * * *
The black bear barely misses you. The black bear closely misses you.
The black bear claws you but does no damage.
The orc barely misses the orc.
The orc hits itself with a +0 trident.
You climb upwards.
There is a stone staircase leading down here.
You feel better. The black bear bites you.
* * * LOW HITPOINT WARNING * * *
The black bear claws you but does no damage. x2
The black bear bites you!
You die...

####..≈.......≈.# #.# #.
#..≈.≈b≈b≈.≈.# #.######.
##.≈.≈...≈.≈.# #......#.
#..≈..._.≈.≈.# ######.#.
####..≈.≈...≈.≈.## #.#.
......≈.≈≈≈≈≈.≈..# #.##
#####.≈.......≈..# #.##
####.≈≈≈≈≈.≈≈≈..#############.##
#.............h@................
#.####.#####.###..########.###.#
##.####.#####...#..# #.# #.#
#.......#......#...## #.# #.#
#..###........###...# #.# #.#
#..# ##......##
##..#######.###.# ...#
###.###.###................ #..#
#.# ##.#.#..#######.###.# #..#
#.# ##.##..# #.# #.#


You could see a black bear (berserk).

Vanquished Creatures
  A hound (D:4)
  A bullfrog skeleton (D:5)
  An iguana (D:3)
  3 hound skeletons
  Robin (D:2)
  6 adders
  2 adder skeletons (D:4)
  2 worms
  2 dart slugs (D:2)
  3 orcs (D:5)
  4 ball pythons
  4 endoplasms
  A giant cockroach (D:2)
  7 hobgoblins
  2 jackals (D:3)
  3 quokkas
  3 bats
  13 goblins
  5 kobolds
  4 rats
68 creatures vanquished.

Vanquished Creatures (collateral kills)
  A bunyip (shapeshifter) (D:4)
1 creature vanquished.

Vanquished Creatures (others)
  A goblin (D:2)
1 creature vanquished.

Grand Total: 70 creatures vanquished

Notes
Turn   | Place    | Note
-------+----------+-------------------------------------------
     0 | D:1      | Ablot the Gnoll Chaos Knight began the quest for the Orb.
     0 | D:1      | Reached XP level 1. HP: 23/23 MP: 1/1
   138 | D:1      | Found a faded altar of an unknown god.
   224 | D:1      | XOM: divination: detect items
   237 | D:1      | Reached XP level 2. HP: 26/29 MP: 2/2
   431 | D:1      | XOM: 5-stop teleportation journey
   756 | D:2      | XOM is BORED!
   756 | D:2      | XOM: 2-stop teleportation journey
   814 | D:2      | Reached XP level 3. HP: 31/35 MP: 3/3
   851 | D:2      | XOM: cast spell 'Cause Fear'
   861 | D:2      | Reached skill level 1 in Invocations
  1109 | D:2      | Reached skill level 1 in Long Blades
  1109 | D:2      | Reached skill level 1 in Axes
  1109 | D:2      | Reached skill level 1 in Maces & Flails
  1109 | D:2      | Reached skill level 1 in Polearms
  1109 | D:2      | Reached skill level 1 in Staves
  1109 | D:2      | Reached skill level 1 in Slings
  1109 | D:2      | Reached skill level 1 in Bows
  1109 | D:2      | Reached skill level 1 in Crossbows
  1109 | D:2      | Reached skill level 1 in Throwing
  1109 | D:2      | Reached skill level 1 in Stealth
  1109 | D:2      | Reached skill level 1 in Shields
  1109 | D:2      | Reached skill level 1 in Unarmed Combat
  1109 | D:2      | Reached skill level 1 in Spellcasting
  1109 | D:2      | Reached skill level 1 in Evocations
  1238 | D:2      | Noticed Robin
  1246 | D:2      | Reached XP level 4. HP: 41/41 MP: 5/5
  1249 | D:2      | XOM: noise
  1270 | D:2      | Killed Robin
  1271 | D:2      | Identified the +2 spear of Vorphuaty {vorpal, *Rage rN+
                  | rCorr}
  1596 | D:3      | XOM: enchant monster (bad)
  1606 | D:3      | XOM: 1-stop teleportation journey
  1610 | D:3      | Reached skill level 1 in Conjurations
  1610 | D:3      | Reached skill level 1 in Hexes
  1610 | D:3      | Reached skill level 1 in Summonings
  1610 | D:3      | Reached skill level 1 in Necromancy
  1610 | D:3      | Reached skill level 1 in Translocations
  1610 | D:3      | Reached skill level 1 in Transmutations
  1610 | D:3      | Reached skill level 1 in Fire Magic
  1610 | D:3      | Reached skill level 1 in Ice Magic
  1610 | D:3      | Reached skill level 1 in Air Magic
  1610 | D:3      | Reached skill level 1 in Earth Magic
  1610 | D:3      | Reached skill level 1 in Poison Magic
  1616 | D:3      | HP: 2/41 [poisoned by an adder]
  1622 | D:3      | Reached XP level 5. HP: 13/47 MP: 5/7
  1941 | D:3      | XOM: give mutation
  1941 | D:3      | Gained mutation: You are frail. (-10% HP) [Xom's mischief]
  2042 | D:3      | Found a glowing golden altar of the Shining One.
  2497 | D:4      | XOM: noise
  2595 | D:4      | Found a bloodstained altar of Trog.
  2680 | D:4      | Found a broken altar of Ashenzari.
  2778 | D:4      | Noticed a shapeshifter
  2778 | D:4      | a hobgoblin changed into a shapeshifter
  2778 | D:4      | Noticed a raiju
  2778 | D:4      | a shapeshifter changed into a raiju
  2781 | D:4      | XOM: confuse monster(s)
  3081 | D:4      | XOM: god gift: wand of acid (3)
  3149 | D:4      | XOM: god gift: runed buckler {god gift}
  3155 | D:4      | Reached XP level 6. HP: 47/47 MP: 8/8
  3238 | D:4      | Found Fore's Armour Shoppe.
  3375 | D:4      | Noticed a bunyip
  3377 | D:4      | XOM: summons friendly chaos spawn
  3392 | D:4      | Killed a bunyip
  3393 | D:4      | Reached skill level 5 in Armour
  3393 | D:4      | Reached XP level 7. HP: 25/54 MP: 8/11
  3393 | D:4      | Reached XP level 8. HP: 28/60 MP: 8/12
  3469 | D:4      | XOM: god gift: wand of polymorph (6)
  3473 | D:4      | XOM: give mutations
  3473 | D:4      | Gained mutation: You have a pair of small antennae on your
                  | head. [Xom's grace]
  3473 | D:4      | Gained mutation: Your flesh is heat resistant. (rF+) [Xom's
                  | grace]
  3473 | D:4      | Gained mutation: You have sharp toenails. [Xom's grace]
  3574 | D:4      | Found a shimmering altar of Xom.
  3612 | D:5      | Entered Level 5 of the Dungeon
  3715 | D:5      | XOM: scenery: create altars
  3727 | D:5      | HP: 3/60 [orc priest/divine providence (11)]
  3729 | D:4      | Slain by a black bear

Illustrated notes

Levels and vault maps discovered:
D:1:      minmay_arrival_semitransparent, layout_loops_ring,
          dreamdust_ecumenical_altar_angels_and_demons, corexii_leaking_fountain
D:2:      layout_rooms, uniq_robin
D:3:      layout_basic, nicolae_tso_swordbearing_angel
D:4:      layout_loops_ring, xom_butterflies,
          mainiacjoe_overflow_concentric_impassable, lemuel_tele_altar,
          serial_shops, nicolae_shop_behind_doors
D:5:      layout_loops_corners, slow_altar_1, lightli_sewer_entry_pipes,
          roderic_roman_lattice

Skill      XL: |  1  2  3  4  5  6 |
---------------+-------------------+-----
Invocations    | 1 2 3 |  3.3
Long Blades    | 1 3 |  3.0
Axes           | 1 3 |  3.0
Maces & Flails | 1 3 |  3.0
Polearms       | 1 3 |  3.0
Staves         | 1 3 |  3.0
Slings         | 1 3 |  3.0
Bows           | 1 3 |  3.0
Crossbows      | 1 3 |  3.0
Throwing       | 1 3 |  3.0
Stealth        | 1 3 |  3.0
Shields        | 1 3 |  3.0
Unarmed Combat | 1 3 |  3.0
Spellcasting   | 1 3 |  3.0
Evocations     | 1 3 |  3.0
Conjurations   | 1 2 |  2.4
Hexes          | 1 2 |  2.4
Summonings     | 1 2 |  2.4
Necromancy     | 1 2 |  2.4
Translocations | 1 2 |  2.4
Transmutations | 1 2 |  2.4
Fire Magic     | 1 2 |  2.4
Ice Magic      | 1 2 |  2.4
Air Magic      | 1 2 |  2.4
Earth Magic    | 1 2 |  2.4
Poison Magic   | 1 2 |  2.4
Dodging        | 3 4 |  4.0
Fighting       | 7 |  7.2
Short Blades   | 7 |  7.2
Armour         | 5 |  5.5

Action                   |  1- 3 |  4- 6 |  7- 9 || total
-------------------------+-------+-------+-------++-------
Melee: Short sword       |    85 |   135 |    22 ||   242
       Bite              |     3 |    13 |     1 ||    17
       Punch             |     1 |     3 |       ||     4
       Kick              |       |       |     8 ||     8
Throw: Dart              |     1 |       |       ||     1
       Javelin           |       |     2 |     2 ||     4
Evoke: Wand              |       |     2 |       ||     2
       Piece from Xom's  |       |       |     1 ||     1
  Use: Potion            |       |     2 |     1 ||     3
 Stab: Sleeping          |     1 |     1 |       ||     2
       Confused          |       |     2 |       ||     2
Armor: Leather armour    |    23 |    38 |    12 ||    73
Dodge: Dodged            |    37 |    56 |    20 ||   113
